 Dungeon Crawl Stone Soup version 0.29-a0-284-gf9362112df (webtiles) character file.

Game seed: 3450973644296028300

59 frimble the Ducker (level 4, -6/34 HPs)
             Began as a Djinni Warper on Mar 17, 2022.
             Mangled by an ogre
             ... wielding a +0 giant club
              (29 damage)
             ... on level 3 of the Dungeon.
             The game lasted 00:03:50 (2923 turns).

frimble the Ducker (Djinni Warper)                  Turns: 2923, Time: 00:03:50

Health: -6/34      AC:  5    Str: 10    XL:     4   Next: 22%
Gold:   137        EV: 12    Int: 14    God:
                   SH:  0    Dex: 15

rFire   + + .      SeeInvis .   a - +0 short sword (venom)
rCold   x . .      Faith    .   (no shield)
rNeg    . . .      Spirit   .   b - +1 leather armour
rPois   ∞          Reflect  .   (no helmet)
rElec   .          Harm     .   f - +0 cloak
rCorr   .          Rampage  .   (no gloves)
Will    .....                   (boots unavailable)
Stlth   +.........              (no amulet)
HPRegen 0.11/turn               (no ring)
MPRegen 0.00/turn               (no ring)

@: flying
A: sickness immunity, fire resistance 2, cold vulnerability 1, float, innate
caster, HP casting, extra vitality 1
a: no special abilities


You were on level 3 of the Dungeon.
You visited 1 branch of the dungeon, and saw 3 of its levels.

You collected 137 gold pieces.

Inventory:

Hand Weapons
 a - a +0 short sword of venom (weapon)
 j - a +0 dagger of draining
Missiles
 d - 7 boomerangs of dispersal (quivered)
 n - 5 silver javelins
Armour
 b - a +1 leather armour (worn)
 f - a +0 cloak (worn)
Potions
 e - a potion of curing
 g - 2 potions of cancellation {unknown}
 l - 2 potions of heal wounds {unknown}


   Skills:
 + Level 2.6 Fighting
 + Level 2.3 Short Blades
 - Level 1.0 Throwing
 - Level 1.2 Armour
 + Level 2.8 Dodging
 + Level 2.7 Spellcasting


You couldn't memorise any spells.
You knew the following spells:

 Your Spells              Type           Power      Damage    Failure   Level
a - Blink                 Tloc           18%        N/A       14%         2
b - Lesser Beckoning      Tloc           9%         N/A       28%         3
c - Gell's Gravitas       Tloc           9%         N/A       28%         3
d - Teleport Other        Tloc           9%         N/A       28%         3
e - Manifold Assault      Tloc           9%         N/A       95%         5
f - Foxfire               Conj/Fire      36%        2x1d5     10%         1
Your spell library was empty.

Dungeon Overview and Level Annotations

Branches:
Dungeon (3/15)

Altars:

Annotations:
D:3 Terence


Innate Abilities, Weirdness & Mutations

You are immune to sickness and miasma.
You are immune to poison.
Your flesh is very heat resistant. (rF++)
You are vulnerable to cold. (rC-)
You float through the air rather than walking.
You learn spells naturally, not from books.
Your magical power is your life essence.
You have superior vitality. (+4 MHP)


Message History

You don't know that spell.
Okay, then.
You aren't carrying any items that you can evoke.
Okay, then.
Unknown command.
Blink to where?
Press: ? - help, Dir - move target
Found a plate armour.
As you read the scroll of blinking, it crumbles to dust.
You feel stable enough to blink again.
Your magical contamination has completely faded away.
Found a buckler.
Casting: Blink (safe; 14% risk of failure)
Confirm with . or Enter, or press ? or * to list all spells.
You conjure some foxfire!
A ball python comes into view.
Found a book of Blood.
Found a stone staircase leading up.
The ball python hisses angrily.
The foxfire hits the ogre.
The ogre is lightly wounded.
The foxfire hits the ogre.
The ogre is lightly wounded.
Casting: Foxfire (safe; 10% risk of failure)
Confirm with . or Enter, or press ? or * to list all spells.
You conjure some foxfire!
Casting: Foxfire (safe; 10% risk of failure)
Confirm with . or Enter, or press ? or * to list all spells.
You conjure some foxfire!
The foxfire hits the ogre.
The ogre is moderately wounded.
The foxfire hits the ogre.
The ogre is moderately wounded.
Casting: Foxfire (safe; 10% risk of failure)
Confirm with . or Enter, or press ? or * to list all spells.
You conjure some foxfire!
The foxfire hits the ogre.
The ogre is heavily wounded.
The foxfire hits the ogre.
The ogre is heavily wounded.
The ogre hits you with a +0 giant club!!
Ouch! That really hurt!
You die...

#.##..O##..#.#.# #
#...##......#
#...###.....# ##...#
#...# ####..# 8...⌠
##..######..# #...#
#.......#... #...#
#.....#.##.## ##...#
#...O.# #8...8 #..§v@#
##...# #..[§§v......
#.....
#.................####
#....S.........# #.
#............. #.
#............. #.
#.......[..... #.
#......<.:.... #. #.


You could see an ogre (ally target) and a ball python.

Vanquished Creatures
  An adder (D:2)
  3 worms (D:2)
  3 dart slugs (D:2)
  A bat (D:1)
  6 endoplasms
  A giant cockroach (D:2)
  3 goblins (D:1)
  A hobgoblin (D:1)
  2 jackals (D:1)
  5 kobolds
  3 quokkas
  A ball python (D:3)
  2 frilled lizards
  A rat (D:1)
33 creatures vanquished.

Vanquished Creatures (others)
  22 foxfires
22 creatures vanquished.

Grand Total: 55 creatures vanquished

Notes
Turn   | Place    | Note
-------+----------+-------------------------------------------
     0 | D:1      | frimble the Djinni Warper began the quest for the Orb.
     0 | D:1      | Reached XP level 1. HP: 18/18 MP: 0/0
    89 | D:1      | Found a faded altar of an unknown god.
   102 | D:1      | Reached XP level 2. HP: 23/23 MP: 0/0
   105 | D:1      | Reached skill level 1 in Throwing
   909 | D:1      | Reached XP level 3. HP: 26/28 MP: 0/0
   909 | D:1      | Learned a level 1 spell: Foxfire
  1617 | D:2      | Reached XP level 4. HP: 17/34 MP: 0/0
  2657 | D:3      | Noticed Terence
  2887 | D:3      | Noticed an ogre
  2923 | D:3      | Mangled by an ogre

Illustrated notes

Levels and vault maps discovered:
D:1:      lemuel_arrival_rhombus, layout_basic, ebering_ecumenical_altar_webs
D:2:      layout_rooms
D:3:      layout_basic, serial_corexii_hall, chequers_hall_statues_y,
          chequers_hall_statues_wall_a, corexii_hall_statues_x,
          corexii_hall_statues_i, minmay_misc_feat_tower,
          kennysheep_flooded_box, roderic_serpentine_path, supply_closet_lemuel,
          minmay_pentangle, uniq_terence

Skill      XL: |  1  2 |
---------------+-------+-----
Throwing       | 1 |  1.0
Short Blades   | 2 |  2.3
Fighting       | |  2.6
Armour         | |  1.2
Dodging        | |  2.8
Spellcasting   | |  2.7

Action                   |  1- 3 |  4- 6 || total
-------------------------+-------+-------++-------
Melee: Short sword       |    55 |    11 ||    66
       Dagger            |    54 |    13 ||    67
       Punch             |     1 |       ||     1
 Cast: Foxfire           |     2 |    11 ||    13
       Blink             |     1 |     1 ||     2
  Use: Scroll            |       |     8 ||     8
Armor: Leather armour    |    20 |     4 ||    24
Dodge: Dodged            |    50 |    15 ||    65

Table legend: (Time is in decaauts)
 A = Elapsed time spent in this place.
 B = Non-inter-level travel time spent in this place.
 C = Inter-level travel time spent in this place.
 D = Time resting spent in this place.
 E = Time spent auto-exploring this place.
 F = Levels seen in this place.
 G = Mean time per level.
                   A        B        C        D        E       F      G
               +--------+--------+--------+--------+--------+-----+--------+
         Total |   2917 |   2798 |    119 |    255 |   2112 |   3 |  972.3 |
       Dungeon |   2917 |   2798 |    119 |    255 |   2112 |   3 |  972.3 |
               +--------+--------+--------+--------+--------+-----+--------+

Top non-repeatable levels by time:
     D:2: 1362 daAuts
     D:1: 1284 daAuts
     D:3: 270 daAuts
